 Dungeon Crawl Stone Soup version 0.26.1-11-gd32895ea62 (webtiles) character file.

Game seed: 14916974531956177606

4867 ZappyNine the Fighter (level 10, -1/83 HPs)
             Began as a Formicid Fighter on May 17, 2021.
             Was a Believer of Qazlal.
             Slain by a two-headed ogre
             ... wielding a +0 dire flail
              (11 damage)
             ... on level 10 of the Dungeon.
             The game lasted 00:12:32 (7674 turns).

ZappyNine the Fighter (Formicid Fighter)            Turns: 7674, Time: 00:12:33

Health: -1/83      AC:  8    Str: 24    XL:     10   Next: 79%
Magic:  15/15      EV: 10    Int:  8    God:    Qazlal [**....]
Gold:   412        SH: 15    Dex: 10    Spells: 9/9 levels left

rFire    + . .     SeeInvis +   a - +1 long sword
rCold    + . .     Faith    .   c - +1 kite shield
rNeg     . . .     Spirit   .   d - +0 scale mail
rPois    +         Reflect  .   (helmet unavailable)
rElec    .         Harm     .   e - scarf {rC+ rF+}
rCorr    .         Rampage  .   (no gloves)
Will     +....                  x - +0 pair of boots
Stlth    ..........             r - amulet of regeneration
HPRegen  0.63/turn              (no ring)
MPRegen  0.14/turn              (no ring)

@: brilliant
A: permanent stasis, dig shafts and tunnels, four strong arms, antennae 3,
poison resistance, MP-powered wands
a: Dig, Shaft Self, Renounce Religion, Upheaval


You were on level 10 of the Dungeon.
You worshipped Qazlal.
Qazlal was pleased with you.
You visited 2 branches of the dungeon, and saw 10 of its levels.

You collected 436 gold pieces.
You spent 24 gold pieces at shops.

Inventory:

Hand Weapons
 a - a +1 long sword (weapon)
 s - the cursed +3 flail of Incongruity {venom, rF++ Str-2}
   (You found it on level 6 of the Dungeon)

   It poisons the flesh of those it strikes.
   It affects your strength (-2).
   It greatly protects you from fire.
   It has a curse placed upon it.
 y - a +0 great sword
Armour
 c - a +1 kite shield (worn)
 d - a +0 scale mail (worn)
 e - a scarf of resistance (worn)
 x - a +0 pair of boots (worn)
Jewellery
 r - an amulet of regeneration (around neck)
Wands
 o - a wand of paralysis (9)
 t - a wand of random effects (37)
 v - a wand of enslavement (4)
 A - a wand of polymorph (6)
 B - a wand of flame (11)
Scrolls
 f - 6 scrolls of remove curse
 h - 7 scrolls of identify
 n - 2 scrolls of amnesia
 p - 3 scrolls of enchant weapon
Potions
 g - a potion of curing
 i - a potion of cancellation
 q - a potion of mutation
 u - a potion of attraction
 w - 2 potions of flight
 z - a potion of lignification {unknown}


   Skills:
 + Level 9.2 Fighting
 * Level 8.4 Long Blades
 - Level 6.2 Armour
 + Level 9.0 Shields
 + Level 6.7 Invocations


You had 9 spell levels left.
You didn't know any spells.
Your spell library was empty.

Dungeon Overview and Level Annotations

Branches:
Dungeon (9/15)             Temple (1/1) D:5             Orc (0/2) D:9
   Lair: D:8-11

Altars:
Ashenzari
Cheibriados
Dithmenos
Elyvilon
Fedhas
Gozag
Hepliaklqana
Kikubaaqudgha
Makhleb
Nemelex Xobeh
Okawaru
Qazlal
Ru
Sif Muna
Trog
Uskayaw
Vehumet
Wu Jian
Xom
Yredelemnul
The Shining One

Shops:
D:4 ?   D:6 ?


Innate Abilities, Weirdness & Mutations

You cannot be hasted, slowed, berserked, paralysed or teleported.
You can dig through walls and to a lower floor.
Your four strong arms can wield two-handed weapons with a shield.
You have a pair of large antennae on your head. (SInv)
Your system is resistant to poisons. (rPois)
You expend magic power (3 MP) to strengthen your wands.


Message History

You dig through the rock wall.
The unseen horror hits you but does no damage.
You dig through the rock wall.
You dig through the rock wall.
You dig through the rock wall.
You dig through the rock wall.
You dig through the rock wall.
You dig through the rock wall.
You dig through the rock wall.
You dig through the rock wall.
You block the two-headed ogre's attack. x2
You dig through the rock wall.
You dig through the rock wall.
The phantom blinks!
You dig through the rock wall.
You dig through the rock wall.
You dig through the rock wall.
You dig through the rock wall.
The two-headed ogre hits you with a +0 dire flail.
* * * LOW HITPOINT WARNING * * *
The two-headed ogre hits you with a +0 giant club!
You die...

.....##..)..
#.#
...........##
#h#
..........##
#.#
..........#
#h#
.......#.#
#.#
.......###
#.# ....#...
#x# ..##...#
#O# .## #.
#@# ## ###


You could see a two-headed ogre, an unseen horror (invisible) and 2 jackals.

Vanquished Creatures
  A two-headed ogre (D:9)
  Pikel (D:4)
  Grinder (D:5)
  Eustachio (D:4)
  3 shadows (D:9)
  3 orc warriors
  A phantom (D:7)
  A sky beast (D:7)
  5 centaurs
  An ogre (D:7)
  A lemure (D:4)
  A big kobold (D:7)
  5 bullfrogs
  4 wights (D:7)
  11 killer bees
  2 electric eels (D:7)
  A howler monkey (D:6)
  A quasit (D:6)
  3 orc priests (D:7)
  2 hounds
  3 iguanas
  3 orc wizards
  Ijyb (D:3)
  Terence (D:3)
  Natasha (twice) (D:4)
  3 worker ants
  3 ogre zombies (D:9)
  A hound zombie (D:9)
  Robin (D:4)
  A howler monkey skeleton (D:7)
  5 gnolls
  7 adders
  A shadow imp (D:6)
  An ooze (D:2)
  An adder zombie (D:7)
  An adder skeleton (D:6)
  3 worms
  2 dart slugs (D:1)
  6 leopard geckos
  17 orcs
  3 ball pythons
  6 bats
  3 giant cockroaches
  8 goblins
  8 hobgoblins
  8 jackals
  13 kobolds
  A quokka (D:4)
  4 frilled lizards
  A goblin zombie (D:9)
  A hobgoblin skeleton (D:9)
  3 hobgoblin zombies (D:9)
  3 orc skeletons (D:9)
  8 orc zombies (D:9)
  5 rats
187 creatures vanquished.

Vanquished Creatures (others)
  An orc wizard (D:6)
1 creature vanquished.

Grand Total: 188 creatures vanquished

Notes
Turn   | Place    | Note
-------+----------+-------------------------------------------
     0 | D:1      | ZappyNine the Formicid Fighter began the quest for the Orb.
     0 | D:1      | Reached XP level 1. HP: 18/18 MP: 1/1
   126 | D:1      | Reached XP level 2. HP: 22/24 MP: 2/2
   441 | D:1      | Reached XP level 3. HP: 30/30 MP: 3/3
   866 | D:2      | Reached XP level 4. HP: 33/37 MP: 4/4
  1112 | D:2      | Found a sparkling altar of Nemelex Xobeh.
  1764 | D:3      | Noticed Ijyb
  1784 | D:3      | Killed Ijyb
  1785 | D:3      | Reached XP level 5. HP: 43/43 MP: 5/5
  2274 | D:3      | Noticed Terence
  2283 | D:3      | Killed Terence
  2284 | D:3      | Reached skill level 5 in Shields
  2499 | D:4      | Found a bloodstained altar of Trog.
  2600 | D:4      | Noticed a lemure
  2601 | D:4      | Noticed a lemure
  2602 | D:4      | Noticed a lemure
  2602 | D:4      | Noticed a lemure
  2602 | D:4      | Noticed Pikel
  2622 | D:4      | Killed a lemure
  2633 | D:4      | Killed Pikel
  2634 | D:4      | Reached skill level 5 in Fighting
  2634 | D:4      | Reached XP level 6. HP: 38/52 MP: 6/6
  2634 | D:4      | Reached XP level 7. HP: 41/57 MP: 7/7
  2697 | D:4      | Noticed Natasha
  2713 | D:4      | Killed Natasha
  2774 | D:4      | Noticed Natasha
  2785 | D:4      | Killed Natasha
  2786 | D:4      | Reached skill level 5 in Long Blades
  2818 | D:4      | Reached XP level 8. HP: 58/64 MP: 8/8
  2902 | D:4      | Noticed Eustachio
  2934 | D:4      | Killed Eustachio
  3157 | D:4      | Noticed Robin
  3181 | D:4      | Found Godoitif's Magic Scroll Emporium.
  3199 | D:4      | Killed Robin
  3352 | D:4      | Bought a scroll of identify for 24 gold pieces
  3416 | D:4      | Found a blossoming altar of Fedhas.
  3417 | D:4      | Gained mutation: Your system is resistant to poisons.
                  | (rPois) [potion of mutation]
  3417 | D:4      | Gained mutation: You expend magic power (3 MP) to
                  | strengthen your wands. [potion of mutation]
  3548 | D:5      | Entered Level 5 of the Dungeon
  4028 | D:5      | Found a staircase to the Ecumenical Temple.
  4298 | D:5      | Noticed Grinder
  4312 | D:5      | Killed Grinder
  4881 | D:6      | Reached XP level 9. HP: 31/72 MP: 9/9
  5093 | D:6      | Found a hide-covered altar of Uskayaw.
  5093 | D:6      | Found a radiant altar of Vehumet.
  5093 | D:6      | Found a sacrificial altar of Ru.
  5113 | D:6      | Got an encrusted flail
  5114 | D:6      | Identified the cursed +3 flail of Incongruity {venom, rF++
                  | Str-2} (You found it on level 6 of the Dungeon)
  5337 | D:6      | Found Biwazeha's Magic Scroll Boutique.
  5370 | D:6      | Found a white marble altar of Elyvilon.
  5739 | Temple   | Entered the Ecumenical Temple
  6002 | Temple   | Became a worshipper of Qazlal Stormbringer
  6194 | D:7      | Reached skill level 1 in Invocations
  6227 | D:7      | Reached skill level 5 in Armour
  6404 | D:7      | Reached * piety under Qazlal
  6405 | D:7      | Reached XP level 10. HP: 80/81 MP: 11/13
  6809 | D:7      | Reached skill level 5 in Invocations
  7219 | D:7      | You fall into a shaft and drop 2 floors!
  7219 | D:9      | Found a staircase to the Orcish Mines.
  7363 | D:9      | Noticed a two-headed ogre
  7415 | D:9      | Killed a two-headed ogre
  7522 | D:9      | Reached ** piety under Qazlal
  7605 | D:9      | Noticed a two-headed ogre
  7638 | D:9      | You fall into a shaft and drop 1 floor!
  7638 | D:10     | Entered Level 10 of the Dungeon
  7638 | D:10     | Noticed a two-headed ogre
  7641 | D:10     | Noticed an unseen horror
  7651 | D:10     | HP: 2/83 [unseen horror (7)]
  7674 | D:10     | Slain by a two-headed ogre

Illustrated notes

Levels and vault maps discovered:
D:1:      dpeg_arrival_chambers_temple_mockup, layout_basic
D:2:      minmay_wonky_spiral, layout_rooms, nemelex_dance_club_becter
D:3:      layout_basic, uniq_terence, uniq_ijyb
D:4:      layout_basic, lemuel_round_altar, fedhas_altar_fruit_tree,
          serial_shops, shop_scrolls, uniq_robin, uniq_eustachio, uniq_natasha,
          uniq_pikel
D:5:      layout_loops_corners, minmay_temple_entry_large_hall, uniq_grinder
D:6:      layout_cave_pools, elyvilon_altar_3,
          chequers_temple_overflow_statue_of_worship, serial_shops,
          nicolae_shop_trees
D:7:      layout_basic, kennysheep_cluttered_room
D:9:      layout_roguey [special_room_bee], zombieorc2_lemuel
D:10:     layout_cross, dpeg_lair_monsters, uniq_harold, uniq_josephine
Temple:   regret_index_temple_generic_petals

Skill      XL: |  1  2  3  4  5  6  7  8  9 10 |
---------------+-------------------------------+-----
Shields        | 4 6 8 9 |  9.0
Fighting       | 4 5 6 7 8 9 |  9.2
Long Blades    | 3 4 5 6 7 8 |  8.4
Armour         | 5 6 |  6.2
Invocations    | 4 6 |  6.7

Action                   |  1- 3 |  4- 6 |  7- 9 | 10-12 || total
-------------------------+-------+-------+-------+-------++-------
Melee: Long sword        |    77 |   141 |   384 |   269 ||   871
 Abil: Dig               |       |     1 |     9 |     9 ||    19
       Shaft Self        |       |       |       |     1 ||     1
  Use: Potion            |       |     1 |     3 |     5 ||     9
       Scroll            |       |       |    18 |     1 ||    19
 Stab: Invisible         |       |       |     3 |       ||     3
Armor: Scale mail        |    44 |    39 |   135 |    61 ||   279
Dodge: Dodged            |    44 |    56 |   163 |    90 ||   353
Block: Kite shield       |    50 |    75 |   284 |   196 ||   605
       Rpst.: Long sword |    14 |    20 |    42 |    25 ||   101
